Map: Sludge City

Players

kram

  • Race: Terran Terran
  • League: Gold
  • Spawn Location: 5:00

Turok

  • Race: Terran Terran
  • League: Gold
  • Spawn Location: 5:00

Tezzarate - Winner!

  • Race: Zerg Zerg
  • League: Gold
  • Spawn Location: 11:00

Grumm - Winner!

  • Race: Protoss Protoss
  • League: Gold
  • Spawn Location: 9:00

VOD

Have the link to the VOD?

Description

Time

  • Played on: Jan. 25, 2016, 12:30 a.m.
  • Length: 13:24
Show
View Real Time Build Order
Export as new Build Order

kram Terran 

Build Orders: Bio Tank 

Get SALT Encoding   

  12  0:01  SCV  
  13  0:14  SCV  
  14  0:21  Supply Depot  
  14  0:26  SCV  
  15  0:30  Refinery  
  15  0:43  SCV  
  15  0:46  Barracks  
  16  0:55  SCV  
  17  1:07  SCV  
  17  1:11  Refinery  
  18  1:22  SCV  
  19  1:42  Marine  
  19  1:43  Orbital Command  
  20  1:48  Factory  
  20  1:53  Supply Depot  
  20  2:03  Marine  
  21  2:09  SCV  
  22  2:21  Marine  
  23  2:34  Widow Mine  
  25  2:40  Starport  
  25  2:44  Barracks  
  25  2:48  Barracks Tech Lab, SCV  
  26  2:57  Supply Depot  
  26  3:00  SCV  
  26  3:04  Factory Tech Lab  
  27  3:12  SCV  
  28  3:22  Marine  
  28  3:24  SCV  
  30  3:36  SCV  
  30  3:37  Marine  
  30  3:40  Marine  
  34  3:48  SCV  
  34  3:50  Siege Tank  
  34  3:55  Marine  
  37  3:58  Marine  
  37  4:01  Stimpack  
  39  4:13  Supply Depot  
  39  4:31  Command Center  
  39  4:35  Medivac, Marine x2, SCV  
  39  4:37  Siege Tank  
  47  4:42  Supply Depot  
  47  5:03  Marine x2  
  47  5:04  Supply Depot, SCV  
  46  5:16  SCV  
  44  5:38  SCV  
  44  5:39  Engineering Bay  
  45  5:44  Supply Depot  
  45  5:46  Orbital Command  
  45  5:47  Marine  
  46  5:58  Marine  
  46  5:59  SCV  
  48  6:04  Marine  
  48  6:09  Missile Turret  
  49  6:11  SCV  
  49  6:16  Marine, SCV  
  52  6:22  Marine  
  52  6:23  SCV  
  50  6:39  Orbital Command, Marine  
  50  6:40  Marine, Siege Tank  
  50  6:41  Medivac  
  56  6:56  Marine, SCV  
  56  6:58  Marine  
  59  7:08  SCV  
  59  7:10  Supply Depot  
  59  7:11  Refinery  
  59  7:14  Marine  
  61  7:15  Refinery  
  50  7:32  Marine x2  
  50  7:33  SCV x2  
  54  7:41  Siege Tank  
  54  7:42  Medivac  
  59  7:45  SCV x2  
  59  7:49  Marine  
  61  8:02  Terran Infantry Weapons Level 1  
  61  8:03  Supply Depot  
  61  8:12  Medivac  
  61  8:29  Marine x2  
  61  8:30  SCV x2  
  65  8:36  Missile Turret  
  65  8:41  Siege Tank  
  68  8:42  SCV x2  
  68  8:44  Combat Shields  
  68  8:47  Marine x2  
  72  8:59  Barracks  
  72  9:02  Barracks  
  72  9:04  Marine  
  73  9:13  Barracks  
  73  9:17  SCV x2  
  73  9:18  Siege Tank  
  73  9:19  Medivac  
  80  9:29  SCV x2  
  82  9:42  Marine x2  
  84  9:56  Supply Depot  
  84  9:59  Supply Depot, Marine x2  
  86  10:05  Starport Reactor  
  86  10:09  Supply Depot  
  86  10:17  Marine x2, SCV, Siege Tank  
  86  10:21  SCV  
  96  10:23  Supply Depot  
  96  10:25  Barracks Tech Lab  
  96  10:26  Supply Depot  
  93  10:30  Marine, SCV  
  93  10:32  Barracks Tech Lab  
  93  10:33  SCV  
  93  10:35  Marine x2  
  98  10:42  SCV  
  99  10:45  SCV  
  99  10:48  Marine  
  104  10:50  Siege Tank  
  104  10:54  SCV  
  105  10:57  SCV  
  101  11:16  Marine x5  
  71  11:33  Marine  
  71  11:34  Marine  
  50  11:42  Medivac, Siege Tank  
Show
View Real Time Build Order
Export as new Build Order

Turok Terran 

Build Orders:  

Get SALT Encoding   

  12  0:01  SCV  
  13  0:13  SCV  
  14  0:20  Supply Depot  
  14  0:25  SCV  
  15  0:30  Refinery  
  15  0:41  SCV  
  16  0:48  Barracks  
  16  1:02  Refinery  
  16  1:04  SCV  
  16  1:07  Refinery  
  17  1:16  SCV  
  18  1:28  SCV  
  19  1:48  Factory  
  19  1:51  SCV  
  20  1:59  Supply Depot  
  20  2:02  Barracks Reactor  
  19  2:17  Orbital Command  
  19  2:34  Factory  
  19  2:46  Hellion x2  
  19  2:48  Barracks Tech Lab, SCV  
  24  3:09  Hellion x2  
  25  4:04  Infernal Pre-Igniter  
  25  4:10  Hellion x2  
  25  4:11  Command Center, Hellion  
  25  4:15  Supply Depot  
  31  4:21  Barracks Reactor  
  31  4:36  Cyclone  
  31  4:37  Hellion  
  36  4:48  SCV  
  36  4:52  Supply Depot  
  37  4:54  Hellion  
  39  5:05  Marine x2  
  41  5:12  Engineering Bay  
  41  5:19  Widow Mine  
  43  5:23  Marine x2  
  34  6:03  Orbital Command  
  34  6:04  Marine x2  
  26  6:08  Missile Turret  
  28  6:16  Hellion x2  
  32  6:21  Marine  
  32  6:22  Marine  
  31  6:54  Marine  
  31  6:55  Marine, Hellion x2  
  37  7:02  Orbital Command  
  37  7:04  Starport  
  37  7:12  Marine x2  
  39  7:34  Cyclone, Marine  
  39  7:35  Marine  
  44  7:51  Factory Tech Lab  
  44  7:58  Medivac x2  
  48  8:00  Marine  
  48  8:05  SCV  
  50  8:17  SCV  
  50  8:19  Marine x2  
  53  8:20  Refinery  
  53  8:29  SCV  
  55  8:41  SCV  
  55  8:47  Marine x2  
  57  8:53  Siege Tank, SCV  
  57  8:54  Siege Tank  
  64  9:05  SCV  
  65  9:11  Sensor Tower  
  65  9:14  Medivac x2, Marine  
  65  9:15  Marine  
  58  10:17  Siege Tank x2  
  58  10:18  Marine x2  
  66  10:33  SCV  
  67  10:38  Refinery  
  67  10:40  Marine x2  
  69  10:45  Supply Depot, SCV  
  69  10:49  Siege Tank  
  76  10:50  Siege Tank  
  76  10:57  SCV  
  77  11:18  Starport Reactor  
  77  11:22  Siege Tank  
  59  11:45  Siege Tank  
  59  11:46  Marine x2  
  60  11:54  Siege Tank  
  52  12:17  Siege Tank  
  54  12:26  Siege Tank  
  47  12:49  Siege Tank  
Show
View Real Time Build Order
Export as new Build Order

Tezzarate Zerg - Winner!

Build Orders: Hatch First 

Get SALT Encoding   

  12  0:01  Drone  
  13  0:09  Drone  
  14  0:20  Extractor  
  13  0:22  Drone  
  13  0:23  Drone, Extractor  
  13  0:28  Overlord  
  16  0:46  Drone x2  
  18  0:55  Drone  
  19  1:02  Hatchery  
  18  1:08  Drone  
  19  1:16  Drone  
  20  1:22  Spawning Pool  
  19  1:29  Drone  
  19  1:32  Extractor  
  19  1:37  Drone  
  20  1:48  Overlord  
  20  1:59  Drone  
  21  2:10  Drone, Queen  
  24  2:16  Queen  
  24  2:17  Drone  
  27  2:27  Drone x2  
  29  2:31  Metabolic Boost  
  29  2:32  Extractor  
  29  2:33  Zergling x2  
  29  2:36  Drone  
  30  2:45  Zergling x2  
  30  2:48  Zergling x2  
  32  2:55  Zergling x2  
  33  2:59  Zergling x2  
  33  3:03  Overlord  
  34  3:39  Drone, Zergling x4, Overlord  
  34  3:40  Drone, Zergling x6  
  41  3:51  Overlord x2  
  41  3:52  Zergling x2  
  40  4:00  Drone  
  40  4:02  Drone  
  42  4:07  Lair, Drone, Roach Warren  
  42  4:10  Drone  
  43  4:25  Drone  
  43  4:27  Drone  
  43  4:28  Hatchery  
  44  4:32  Spore Crawler  
  44  4:35  Spore Crawler  
  44  4:37  Drone, Spore Crawler  
  44  4:38  Drone x4  
  46  4:41  Extractor  
  46  4:42  Zergling x4  
  46  4:43  Extractor  
  46  4:47  Roach  
  46  4:48  Zergling x2, Roach  
  50  5:28  Overlord  
  44  5:29  Zergling x8, Overlord, Roach x4  
  44  5:35  Overlord  
  56  5:39  Spine Crawler  
  54  6:09  Roach x6  
  54  6:10  Roach x2  
  70  6:11  Queen  
  70  6:12  Drone  
  73  6:22  Overlord x2  
  73  6:30  Drone  
  73  6:31  Overlord x2  
  73  6:32  Overlord  
  74  6:42  Zergling x2, Roach  
  74  6:43  Zergling x2  
  74  6:45  Zergling x2  
  74  6:46  Hatchery, Overlord, Roach  
  80  6:50  Ravager  
  80  6:51  Ravager x6  
  80  6:52  Ravager x3  
  80  6:53  Ravager  
  91  6:55  Zergling x2  
  91  6:56  Zergling x2  
  91  6:58  Drone  
  94  7:03  Roach  
  96  7:12  Zergling x2  
  96  7:13  Zergling x2, Roach  
  96  7:25  Zergling x2, Roach x2  
  96  7:26  Roach  
  96  7:28  Roach  
  105  7:31  Ravager x2  
  105  7:34  Roach  
  105  7:36  Drone  
  107  7:54  Zergling x2, Roach  
  109  8:13  Drone  
  109  8:14  Drone x5  
  109  8:15  Drone x2  
  109  8:17  Drone x3  
  109  8:18  Drone  
  121  8:20  Queen  
  121  8:26  Hydralisk Den  
  122  8:48  Overlord x3  
  122  8:53  Overlord  
  122  8:54  Overlord x2  
  122  8:55  Overlord  
  122  8:56  Overlord  
  122  8:57  Overlord  
  122  9:02  Glial Reconstitution  
  122  9:04  Muscular Augments  
  122  9:07  Zergling x2, Hydralisk  
  122  9:08  Roach  
  128  9:10  Zergling x2  
  128  9:15  Hydralisk x2  
  132  9:20  Zergling x6  
  125  9:56  Zergling x6, Roach x2  
  125  9:57  Zergling x2  
  123  10:02  Zergling x4, Hydralisk x6, Roach  
  138  10:15  Drone  
  138  10:16  Drone  
  138  10:17  Drone, Zergling x4, Hydralisk x2  
  147  10:21  Spore Crawler  
  147  10:22  Queen  
  147  10:24  Zergling x2  
  149  10:31  Hydralisk  
  149  10:32  Zergling x2, Roach  
  150  10:49  Zergling x2  
  152  10:50  Zergling x4, Hydralisk x2, Roach  
  152  10:51  Drone x2  
  140  11:18  Zergling x4, Hydralisk x2  
  140  11:19  Hydralisk x4  
  140  11:20  Roach  
  140  11:21  Drone  
  107  11:53  Zergling x2, Hydralisk x5, Roach  
  110  12:05  Drone  
  105  12:18  Zergling x6  
  103  12:38  Roach x2  
  103  12:40  Zergling x4  
  104  12:54  Zergling x4  
Show
View Real Time Build Order
Export as new Build Order

Grumm Protoss - Winner!

Build Orders:  

Get SALT Encoding   

  12  0:01  Probe (Chrono Boost)  
  13  0:15  Pylon  
  13  0:19  Probe (Chrono Boost)  
  14  0:25  Assimilator  
  14  0:30  Probe (Chrono Boost)  
  15  0:42  Gateway  
  15  0:45  Probe (Chrono Boost)  
  16  1:00  Gateway  
  16  1:06  Probe (Chrono Boost)  
  17  1:19  Probe (Chrono Boost)  
  18  1:31  Pylon  
  18  1:32  Probe (Chrono Boost)  
  19  1:34  Cybernetics Core  
  19  1:37  Zealot  
  21  1:43  Probe (Chrono Boost)  
  22  1:49  Zealot  
  24  2:01  Pylon  
  24  2:12  Adept (Chrono Boost), Warp Gate  
  26  2:29  Adept (Chrono Boost)  
  28  2:39  Nexus  
  28  2:58  Stargate  
  28  3:08  Probe  
  21  4:03  Oracle  
  21  4:05  Probe  
  21  4:08  Probe  
  25  4:15  Stalker  
  29  4:17  Probe, Zealot  
  29  4:22  Probe  
  32  4:24  Assimilator  
  32  4:28  Assimilator  
  32  4:29  Probe  
  32  4:31  Gateway  
  33  4:33  Gateway  
  33  4:35  Forge  
  33  4:37  Pylon  
  33  4:43  Twilight Council  
  33  4:54  Pylon  
  33  4:58  Pylon, Probe  
  34  5:01  Zealot x2  
  38  5:18  Probe  
  38  5:19  Probe  
  39  5:26  Void Ray  
  43  5:35  Stalker  
  43  5:36  Stalker  
  30  6:08  Probe  
  30  6:10  Probe  
  32  6:19  Probe  
  32  6:22  Probe  
  34  6:29  Probe  
  31  6:34  Probe  
  24  6:52  Stalker, Probe  
  24  6:53  Probe, Stalker  
  28  7:01  Photon Cannon  
  28  7:10  Zealot  
  28  7:13  Probe  
  28  7:15  Probe  
  32  7:57  Stalker x4  
  40  8:18  Probe  
  40  8:19  Probe  
  42  8:25  Void Ray  
  46  8:27  Protoss Ground Weapons Level 1  
  46  8:28  Probe  
  46  8:31  Probe  
  48  8:43  Robotics Facility  
  48  8:47  Pylon, Probe  
  48  8:49  Probe  
  48  8:50  Pylon  
  50  8:59  Gateway  
  50  9:02  Gateway  
  50  9:05  Dark Shrine  
  50  9:06  Assimilator  
  50  9:07  Probe  
  50  9:08  Probe  
  52  9:45  Probe  
  49  9:46  Probe  
  49  9:47  Void Ray  
  49  9:51  Zealot x2  
  49  9:52  Stalker, Zealot  
  63  10:01  Probe  
  63  10:03  Probe  
  63  10:06  Warp Prism  
  67  10:24  Robotics Bay  
  67  10:29  Photon Cannon  
  67  10:44  Void Ray  
  57  11:01  Dark Templar  
  49  11:11  Dark Templar  
  51  11:24  Zealot  
  51  11:25  Dark Templar x2  
  57  11:27  Zealot  
  59  11:40  Zealot  
  61  11:51  Zealot x3  
  67  12:04  Dark Templar  
  69  12:18  Zealot x3  
  69  12:20  Probe  
  76  12:27  Dark Templar  
  76  12:28  Zealot  
  66  12:57  Probe, Zealot x4  
  66  12:58  Zealot  
  72  12:59  Probe  
  72  13:03  Stalker  
Tags
 
Add a new tag
Caveats
  • Supply blocks, unpowered buildings, or Contaminate may cause inaccurate times.
  • Supply counts are checked every 10 seconds.